 Dungeon Crawl Stone Soup version 0.20.1-1-g8b1a95d (webtiles) character file.

60811 vomix the Severer (level 14, -7/132 HPs)
             Began as a Minotaur Berserker on Aug 25, 2017.
             Was a High Priest of Trog.
             Killed from afar by an orc sorcerer (25 damage)
             ... with a bolt of negative energy
             ... on level 2 of the Orcish Mines on Aug 26, 2017.
             The game lasted 01:03:42 (23588 turns).

vomix the Severer (Minotaur Berserker)             Turns: 23588, Time: 01:03:42

Health: -7/132     AC: 15    Str: 16      XL:     14   Next: 58%
Magic:  25/25      EV: 20    Int:  2 (4)  God:    Trog [*****.]
Gold:   1651       SH:  0    Dex: 16      Spells: 13/13 levels left

rFire    + . .     SeeInvis .   R - +2 battleaxe (freeze)
rCold    + + .     Gourm    .   (shield currently unavailable)
rNeg     . . .     Faith    .   i - +4 leather armour of the Vacuum {rElec rC++ MP+9 Str-5}
rPois    .         Spirit   .   (helmet restricted)
rElec    +         Reflect  .   V - +2 cloak {rC+}
rCorr    .         Harm     +   N - +0 pair of gloves
MR       +....                  w - +0 pair of boots
Stlth    +.........             t - amulet of harm
Regen    0.4/turn               a - +2 ring of slaying
MPRegen  0.2/turn               X - ring of fire

@: berserk cooldown, slowed, drained, very slow
A: retaliatory headbutt, horns 2
a: Berserk, Trog's Hand, Brothers in Arms, Burn Spellbooks, Renounce Religion


You were on level 2 of the Orcish Mines.
You worshipped Trog.
Trog was extremely pleased with you.
You were not hungry.

You visited 3 branches of the dungeon, and saw 19 of its levels.
You also visited: Ice Cave.

You collected 1847 gold pieces.
You spent 196 gold pieces at shops.

Inventory:

Hand Weapons
 R - a +2 battleaxe of freezing (weapon)
Missiles
 k - 3 throwing nets (quivered)
Armour
 i - the +4 leather armour of the Vacuum (worn) {rElec rC++ MP+9 Str-5}
   (You found it on level 6 of the Dungeon)

   It affects your strength (-5).
   It greatly protects you from cold.
   It insulates you from electricity.
   It affects your magic capacity (+9).
 w - a +0 pair of boots (worn)
 N - a +0 pair of gloves (worn)
 V - a +2 cloak of cold resistance (worn)
Jewellery
 a - a +2 ring of slaying (left hand)
 l - an uncursed ring of see invisible
 t - an amulet of harm (around neck)
 C - a +3 ring of evasion
 X - a ring of fire (right hand)
Wands
 b - a wand of confusion (26/48)
 B - a wand of paralysis (12/24)
 S - a wand of disintegration (8/24)
 T - a wand of iceblast (6/15)
 Y - a wand of acid (8/15)
 Z - a wand of scattershot (3/9)
Scrolls
 d - 4 scrolls of recharging
 f - 2 scrolls of immolation {unknown}
 h - 2 scrolls of noise {unknown}
 j - 6 scrolls of remove curse
 n - 6 scrolls of enchant armour
 o - a scroll of summoning
 y - 4 scrolls of blinking
 D - a scroll of holy word {unknown}
 E - a scroll of acquirement {unknown}
 F - 4 scrolls of teleportation
 H - a scroll of torment {unknown}
 J - 2 scrolls of vulnerability {unknown}
 K - a scroll of fog {unknown}
 O - 2 scrolls of enchant weapon {unknown}
 P - 2 scrolls of fear {unknown}
 Q - 2 scrolls of magic mapping
 W - 2 scrolls of brand weapon {unknown}
Potions
 e - 7 potions of flight
 m - a potion of lignification
 p - 2 potions of resistance
 q - a potion of berserk rage
 r - 3 potions of invisibility
 s - 6 potions of curing
 u - 6 potions of mutation
 v - a potion of might
 A - a potion of haste
 G - 2 potions of cancellation
 I - 2 potions of heal wounds
 M - 2 potions of agility
Miscellaneous
 g - a phial of floods
Comestibles
 c - 8 bread rations
 x - 9 royal jellies
 z - 10 fruits


   Skills:
 - Level 14.2(12.8) Fighting
 - Level 17.4(15.8) Axes
 - Level 13.8(12.4) Armour
 - Level 12.9(11.5) Dodging
 + Level 4.6(3.5) Evocations


You had 13 spell levels left.
You didn't know any spells.

Dungeon Overview and Level Annotations

Branches:
Dungeon (11/15)            Temple (0/1) D:6            Lair (6/6) D:11
 Shoals (0/4) Lair:2        Snake (0/4) Lair:4        Slime (0/5) Lair:5
    Orc (2/2) D:9             Elf (0/3) Orc:2

Altars:
Ashenzari
Cheibriados
Elyvilon
Gozag
Makhleb
Nemelex Xobeh
Qazlal
Xom
Zin
Jiyva

Shops:
D:9 ([   D:10 (*[?   D:11 ?   Orc:1 *   Orc:2 *(


Innate Abilities, Weirdness & Mutations

You reflexively headbutt those who attack you in melee.
You have a pair of horns on your head.


Message History

* * * LOW HITPOINT WARNING * * *
The sun demon barely misses you. You furiously retaliate!
You headbutt the sun demon. You closely miss the orc knight.
You headbutt the orc knight.
The orc knight is severely wounded.
You miss the sun demon. The orc knight hits you with a halberd!
* * * LOW HITPOINT WARNING * * *
The sun demon hits you.
* * * LOW HITPOINT WARNING * * *
You are engulfed in flames.
You resist.
* * * LOW HITPOINT WARNING * * *
The orc wizard mumbles some strange words.
The orc wizard seems to speed up.
The orc knight roars a battlecry!
The orcs go into a battle-frenzy!
The orc sorcerer points at you and mumbles some strange words.
The bolt of negative energy hits the sun demon.
The sun demon completely resists.
The bolt of negative energy hits you!
You feel drained.
You die...

. ##.....#......
.####.......#.....
..##......)...)...
#.###...........∩.
#.###.............
#.##..............
.o#####.##..)...........
.oo.o.3.)...............
.o#####@##.............#
#o##..............
#.##......#.......
##.##.............. . #
## #..##.#..#.#.......
∩.#o##.
##.####.............
#..3.45 ##..#
##....#.....<.
#..4oo##).##
#.....###.... #oo)4##
##..... #.


You could see 2 orc knights, a sun demon, an orc sorcerer, an orc warrior and an
orc wizard.

Vanquished Creatures
  Kirke (Lair:4)
  A frost giant (IceCv)
  An ettin (Orc:1)
  Josephine (Lair:4)
  Fannar (Lair:2)
  Harold (Lair:1)
  4 hydras
  The ghost of Milesaru the Markscentaur, a journeyman CeAM of Okawaru (Lair:1)
  Erica (Lair:1)
  A two-headed ogre (D:9)
  3 orc high priests
  A fire crab (Lair:6)
  An unseen horror (D:11)
  A lindwurm (Lair:6)
  2 orc knights (Orc:2)
  4 orc sorcerers
  An ugly thing (D:11)
  A wolf spider (Lair:6)
  2 merfolk sirens (Lair:2)
  10 black mambas
  2 ice statues (IceCv)
  Psyche (D:8)
  A guardian serpent (Lair:6)
  15 spiny frogs
  A gargoyle (D:11)
  3 torpor snails (Lair:4)
  A rime drake (Lair:4)
  2 ice devils (D:11)
  6 komodo dragons
  2 merfolk (Lair:2)
  11 polar bears
  Grinder (D:6)
  A troll (Orc:1)
  17 blink frogs
  3 hornets
  Prince Ribbit (D:6)
  11 hippogriffs
  Sigmund (D:2)
  2 redbacks (Lair:6)
  8 wyverns (Lair:6)
  4 wraiths
  8 hogs
  30 yaks
  Eustachio (D:4)
  3 basilisks
  A human (D:7)
  A hungry ghost (D:10)
  3 wargs
  2 nagas (Lair:4)
  Duvessa (D:4)
  28 water moccasins
  6 porcupines
  3 sky beasts
  9 orc warriors
  3 phantoms
  A black bear (D:11)
  8 ogres
  4 ice beasts
  20 wolves
  2 centaurs
  7 crocodiles
  Blork the orc (D:6)
  3 big kobolds
  11 bullfrogs
  Dowan (D:4)
  3 scorpions
  3 wights (D:9)
  4 howler monkeys
  An electric eel (Lair:3)
  2 centaur zombies
  5 crimson imps
  A bullfrog zombie (D:6)
  3 hounds
  Crazy Yiuf (D:6)
  A bullfrog skeleton (D:6)
  7 orc priests
  A centaur skeleton (D:6)
  2 jellies
  10 orc wizards
  3 iguanas
  8 worker ants
  3 hound skeletons
  A howler monkey zombie (D:7)
  8 gnolls
  7 adders
  4 shadow imps
  An ooze (D:2)
  2 adder skeletons (D:4)
  6 worms
  2 dart slugs
  10 leopard geckos
  45 orcs
  2 ball pythons
  9 giant cockroaches
  8 goblins
  7 hobgoblins
  8 jackals
  23 kobolds
  5 quokkas
  5 bats
  9 frilled lizards
  A quokka zombie (D:9)
  5 rats
  7 fungi
  7 plants (Lair:6)
530 creatures vanquished.

Vanquished Creatures (collateral kills)
  An orc high priest (Orc:2)
  An orc sorcerer (Orc:2)
  An ice statue (IceCv)
  4 polar bears (IceCv)
  2 yaks (IceCv)
  A warg (Orc:1)
  A black bear (D:11)
  7 orc warriors
  A sky beast (D:11)
  3 orc priests (Orc:2)
  An orc wizard (Orc:2)
  A hound skeleton (D:9)
  3 orcs
27 creatures vanquished.

Vanquished Creatures (others)
  A butterfly (Lair:3)
  21 fungi
  25 plants
47 creatures vanquished.

Grand Total: 604 creatures vanquished

Notes
Turn   | Place    | Note
-------+----------+-------------------------------------------
     0 | D:1      | vomix the Minotaur Berserker began the quest for the Orb.
     0 | D:1      | Reached XP level 1. HP: 19/19 MP: 0/0
   139 | D:1      | Reached skill level 4 in Axes
   208 | D:1      | Reached XP level 2. HP: 22/26 MP: 1/1
   593 | D:1      | Reached skill level 5 in Axes
  1075 | D:2      | Reached XP level 3. HP: 25/31 MP: 2/2
  1106 | D:2      | Reached ** piety under Trog
  1184 | D:2      | Found a shimmering altar of Xom.
  1268 | D:2      | Noticed Sigmund
  1274 | D:2      | Killed Sigmund
  1274 | D:2      | Reached skill level 7 in Axes
  1274 | D:2      | Reached XP level 4. HP: 39/39 MP: 3/3
  1274 | D:2      | Reached XP level 5. HP: 45/45 MP: 4/4
  2118 | D:3      | Reached skill level 8 in Axes
  2713 | D:3      | Reached XP level 6. HP: 38/51 MP: 5/5
  3023 | D:3      | Found a glowing silver altar of Zin.
  3219 | D:4      | Reached *** piety under Trog
  3370 | D:4      | Noticed Dowan
  3373 | D:4      | Noticed Duvessa
  3375 | D:4      | Killed Dowan
  3375 | D:4      | Reached skill level 9 in Axes
  3380 | D:4      | Killed Duvessa
  3388 | D:4      | Reached XP level 7. HP: 45/57 MP: 6/6
  3486 | D:4      | Reached skill level 10 in Axes
  3863 | D:4      | Noticed Eustachio
  3871 | D:4      | Killed Eustachio
  4297 | D:5      | Entered Level 5 of the Dungeon
  4335 | D:5      | Reached skill level 11 in Axes
  4659 | D:5      | Reached XP level 8. HP: 60/64 MP: 7/7
  4975 | D:5      | Reached skill level 12 in Axes
  5424 | D:6      | Got a warped leather armour
  5428 | D:6      | Noticed Prince Ribbit
  5436 | D:6      | Killed Prince Ribbit
  5437 | D:6      | Noticed Grinder
  5441 | D:6      | Reached skill level 13 in Axes
  5449 | D:6      | Killed Grinder
  5643 | D:6      | Found a staircase to the Ecumenical Temple.
  5689 | D:6      | Received a gift from Trog
  5689 | D:6      | Reached XP level 9. HP: 63/70 MP: 8/8
  5841 | D:6      | Reached skill level 14 in Axes
  5871 | D:6      | Noticed Blork the orc
  5881 | D:6      | Killed Blork the orc
  6756 | D:6      | Found a runed door.
  6761 | D:6      | Noticed Crazy Yiuf
  6764 | D:6      | Killed Crazy Yiuf
  6777 | D:6      | Identified the +4 leather armour of the Vacuum {rElec rC++ MP+9 Str-5} (You found it on level 6 of the Dungeon)
  7353 | D:7      | Reached skill level 15 in Axes
  7467 | D:7      | Found a shattered altar of Ashenzari.
  7606 | D:7      | Found a sparkling altar of Nemelex Xobeh.
  7606 | D:7      | Found an opulent altar of Gozag.
  7653 | D:7      | Found a burning altar of Makhleb.
  7653 | D:7      | Noticed a blizzard demon
  7736 | D:7      | Reached **** piety under Trog
  7751 | D:7      | Reached skill level 16 in Axes
  8642 | D:8      | Reached XP level 10. HP: 65/77 MP: 9/9
  8651 | D:8      | Noticed Psyche
  8660 | D:8      | Killed Psyche
  9084 | D:8      | Found a white marble altar of Elyvilon.
  9523 | D:9      | Noticed a two-headed ogre
  9530 | D:9      | Killed a two-headed ogre
  9530 | D:9      | Reached skill level 17 in Axes
  9588 | D:9      | Found Qanax's Weapon Shoppe.
  9596 | D:9      | Found a staircase to the Orcish Mines.
  9831 | D:9      | Found Zeun's Armour Shoppe.
  9905 | D:9      | Reached skill level 5 in Fighting
  9977 | D:9      | Reached ***** piety under Trog
 10197 | D:10     | Entered Level 10 of the Dungeon
 10242 | D:10     | Found Eloef's Magic Scroll Boutique.
 10257 | D:10     | Bought a scroll of blinking for 105 gold pieces
 10257 | D:10     | Bought a scroll of teleportation for 42 gold pieces
 10257 | D:10     | Bought a scroll of magic mapping for 49 gold pieces
 10285 | D:10     | Found Egayxud's Armour Emporium.
 10430 | D:10     | Found Kamue's Assorted Antiques.
 10430 | D:10     | Found Guewas's Antique Weapon Shop.
 10532 | D:10     | Found a stormy altar of Qazlal.
 10725 | D:10     | Reached XP level 11. HP: 97/97 MP: 10/10
 11021 | D:11     | Noticed an unseen horror
 11033 | D:11     | Killed an unseen horror
 11033 | D:11     | Reached skill level 10 in Fighting
 11100 | D:11     | Found Hueboede's Magic Scroll Shoppe.
 11117 | D:11     | Noticed a five-headed hydra
 11126 | D:11     | Killed a five-headed hydra
 11185 | D:11     | Noticed a purple ugly thing
 11199 | D:11     | Killed a purple ugly thing
 11285 | D:11     | Received a gift from Trog
 11412 | D:11     | Found a frozen archway.
 11440 | IceCv    | Entered an ice cave
 12579 | IceCv    | Reached XP level 12. HP: 90/117 MP: 11/11
 12588 | IceCv    | Noticed a frost giant
 12603 | IceCv    | Killed a frost giant
 13114 | D:11     | Reached skill level 5 in Armour
 13346 | D:11     | Reached skill level 5 in Dodging
 13655 | D:11     | Found a staircase to the Lair.
 13950 | Lair:1   | Entered Level 1 of the Lair of Beasts
 14030 | Lair:1   | Noticed Erica
 14036 | Lair:1   | Killed Erica
 14162 | Lair:1   | Noticed Milesaru's ghost (journeyman CeAM)
 14171 | Lair:1   | Killed Milesaru's ghost
 14771 | Lair:1   | Noticed Harold
 14785 | Lair:1   | Killed Harold
 15126 | Lair:2   | Noticed Fannar
 15135 | Lair:2   | Killed Fannar
 15222 | Lair:2   | Found a staircase to the Shoals.
 16512 | Lair:3   | Noticed a seven-headed hydra
 16517 | Lair:3   | Reached XP level 13. HP: 105/124 MP: 12/12
 18109 | Lair:4   | Reached skill level 10 in Armour
 18247 | Lair:4   | Noticed Josephine
 18252 | Lair:4   | Killed Josephine
 18542 | Lair:4   | Found a snail-covered altar of Cheibriados.
 18699 | Lair:4   | Noticed Kirke
 18707 | Lair:4   | Reached skill level 10 in Dodging
 18708 | Lair:4   | Killed Kirke
 18836 | Lair:4   | Found a staircase to the Snake Pit.
 19361 | Lair:5   | Found a viscous altar of Jiyva.
 19362 | Lair:5   | Found a staircase to the Slime Pits.
 20032 | Lair:6   | Entered Level 6 of the Lair of Beasts
 20578 | Lair:6   | Reached XP level 14. HP: 109/132 MP: 13/13
 21167 | Lair:6   | Received a gift from Trog
 22304 | Orc:1    | Entered Level 1 of the Orcish Mines
 22445 | Orc:1    | Paralysed by an orc sorcerer for 6 turns
 22791 | Orc:1    | Reached skill level 1 in Evocations
 22990 | Orc:1    | Found Piteu's Assorted Antiques.
 23050 | Orc:2    | Entered Level 2 of the Orcish Mines
 23050 | Orc:2    | Found Qicousis's Weapon Emporium.
 23123 | Orc:2    | Found a staircase to the Elven Halls.
 23188 | Orc:2    | Found Cithruoxt's General Store.
 23588 | Orc:2    | Killed from afar by an orc sorcerer

Skill      XL: |  1  2  3  4  5  6  7  8  9 10 11 12 13 14 |
---------------+-------------------------------------------+-----
Axes           | 4 5 7 8 9 11 13 16 17 | 17.4
Fighting       | 9 14 | 14.2
Armour         | 9 12 13 | 13.8
Dodging        | 8 11 12 | 12.9
Evocations     | 4 |  4.6

Action                   |  1- 3 |  4- 6 |  7- 9 | 10-12 | 13-15 || total
-------------------------+-------+-------+-------+-------+-------++-------
Melee: Hand axe          |    72 |    94 |       |       |       ||   166
       Headbutt          |     8 |    17 |    27 |   127 |    83 ||   262
       Whip              |       |    11 |   200 |   412 |       ||   623
       Battleaxe         |       |       |       |   125 |   398 ||   523
Throw: Javelin           |       |       |       |     1 |       ||     1
Invok: Berserk           |     1 |     3 |     4 |    10 |    10 ||    28
       Trog's Hand       |       |     1 |       |     2 |     2 ||     5
       Brothers in Arms  |       |       |       |     7 |     5 ||    12
       Burn Spellbooks   |       |       |       |     2 |     1 ||     3
Evoke: Wand              |       |       |       |       |     1 ||     1
  Use: Scroll            |       |       |    10 |     8 |     8 ||    26
       Potion            |       |       |       |     1 |     6 ||     7
 Stab: Sleeping          |       |       |       |     1 |       ||     1
       Distracted        |       |       |       |       |     1 ||     1
  Eat: Chunk             |     1 |     5 |     6 |    22 |    20 ||    54
       Meat ration       |       |     1 |     2 |     4 |     2 ||     9
       Royal jelly       |       |     1 |     1 |       |     1 ||     3
       Bread ration      |       |       |       |       |     1 ||     1
Armor: Animal skin       |     8 |    11 |     7 |       |       ||    26
       Scale mail        |       |       |    15 |       |       ||    15
       Leather armour    |       |       |    13 |   117 |    92 ||   222
Dodge: Dodged            |    46 |    55 |    84 |   227 |   377 ||   789
